 Dungeon Crawl Stone Soup version 0.26.0-57-g60708a5e39 (webtiles) character file.

Game seed: 3330348212381915547

20975 oldmanjim the Blocker (level 12, -1/112 HPs)
             Began as a Minotaur Berserker on Jan 30, 2021.
             Was a High Priest of Trog.
             Killed from afar by an ice statue (17 damage)
             ... with a shard of ice
             ... in an ice cave on Feb 1, 2021.
             The game lasted 01:35:04 (17230 turns).

oldmanjim the Blocker (Minotaur Berserker)         Turns: 17230, Time: 01:35:04

Health: -1/112     AC: 18    Str: 27    XL:     12   Next: 50%
Magic:  0/11       EV:  8    Int:  9    God:    Trog [*****.]
Gold:   1369       SH: 21    Dex: 10    Spells: 11/11 levels left

rFire    . . .     SeeInvis .   a - +9 dagger of Paas {vamp, +Blink Int+5}
rCold    . . .     Faith    .   z - +1 tower shield
rNeg     . . .     Spirit   +   t - +0 plate armour
rPois    +         Reflect  .   (helmet restricted)
rElec    .         Harm     .   L - +2 cloak
rCorr    .         Rampage  .   (no gloves)
Will     .....                  (no boots)
Stlth    ..........             N - amulet of guardian spirit
HPRegen  0.28/turn              e - ring of poison resistance
MPRegen  0.12/turn              (no ring)

@: no status effects
A: retaliatory headbutt, horns 2
a: Renounce Religion, Evoke Blink, Berserk, Trog's Hand, Brothers in Arms


You were in an ice cave.
You worshipped Trog.
Trog was extremely pleased with you.
You visited 2 branches of the dungeon, and saw 14 of its levels.
You also visited: Ice Cave.

You collected 1369 gold pieces.

Inventory:

Hand Weapons
 a - the +9 dagger of Paas (weapon) {vamp, +Blink Int+5}
   (You found it on level 4 of the Dungeon)

   It inflicts no extra harm, but heals its wielder when it wounds a living foe.
   It affects your intelligence (+5).
   It lets you blink.
 b - a +0 hunting sling
 h - a +4 hand axe
 O - a +0 hand crossbow
Missiles
 c - 2 stones
 d - 8 javelins
 i - 101 sling bullets
 l - 127 bolts
 o - 102 poisoned darts
 y - 8 silver javelins
 C - 11 datura-tipped darts
 G - 9 boomerangs of dispersal
 J - 3 throwing nets
Armour
 t - a +0 plate armour (worn)
 z - a +1 tower shield (worn)
 L - a +2 cloak (worn)
 Q - the +1 robe of Oraph {rC+}
   (You found it on level 12 of the Dungeon)

   It protects you from cold.
Jewellery
 e - a ring of poison resistance (left hand)
 N - an amulet of guardian spirit (around neck)
Wands
 q - a wand of flame (6) (quivered)
 r - a wand of paralysis (13)
Scrolls
 f - 2 scrolls of enchant armour
 g - 4 scrolls of identify
 k - a scroll of enchant weapon
 m - 6 scrolls of immolation
 n - 6 scrolls of teleportation
 p - 5 scrolls of remove curse
 v - 2 scrolls of fear {unknown}
 B - 4 scrolls of blinking
 E - a scroll of random uselessness
 H - 2 scrolls of magic mapping
 I - a scroll of torment {unknown}
 K - a scroll of fog {unknown}
Potions
 j - 2 potions of resistance
 s - 3 potions of flight
 u - 5 potions of mutation
 w - 4 potions of ambrosia
 x - a potion of heal wounds
 A - 4 potions of curing
 D - a potion of lignification
 F - 4 potions of haste
 M - a potion of invisibility
Miscellaneous
 P - a condenser vane


   Skills:
 - Level 12.0 Fighting
 - Level 7.0 Axes
 + Level 11.7 Armour
 - Level 6.0 Dodging
 - Level 2.0 Stealth
 + Level 14.2 Shields
 - Level 6.0 Evocations


You had 11 spell levels left.
You didn't know any spells.
Your spell library contained the following spells:

 Spells                   Type           Power        Failure   Level
 Animate Skeleton         Necr           0%           100%        1
 Freeze                   Ice            0%           100%        1
 Magic Dart               Conj           0%           100%        1
 Pain                     Necr           0%           100%        1
 Blink                    Tloc           N/A          100%        2
 Call Imp                 Summ           0%           100%        2
 Slow                     Hex            0%           100%        2
 Conjure Flame            Conj/Fire      0%           100%        3
 Frozen Ramparts          Ice            0%           100%        3
 Mephitic Cloud           Conj/Pois/Air  0%           100%        3
 Ozocubu's Armour         Ice            0%           100%        3
 Vampiric Draining        Necr           0%           100%        3
 Animate Dead             Necr           0%           100%        4
 Hailstorm                Conj/Ice       0%           100%        4
 Summon Ice Beast         Ice/Summ       0%           100%        4
 Agony                    Necr           0%           100%        5


Dungeon Overview and Level Annotations

Branches:
Dungeon (12/15)            Temple (0/1) D:4            Lair (2/6) D:8
 Shoals (0/4) Lair:2          Orc (0/2) D:11          IceCv (1/1)
  Snake: Lair:2-4    Spider: Lair:2-4

Altars:
Cheibriados
Elyvilon
Fedhas
Gozag
Okawaru
Qazlal
Uskayaw
Vehumet
Wu Jian
Xom

Shops:
D:5 (   D:7 (   D:9 [

Annotations:
IceCv exclusion: ice statue


Innate Abilities, Weirdness & Mutations

You reflexively headbutt those who attack you in melee.
You have a pair of horns on your head.


Message History

The ice statue gestures at you. The bolt of cold hits you!!
You hit the ice statue. You headbutt the ice statue.
The ice statue is lightly damaged.
The ice statue glitters chillingly in the dim dungeon light.
The ice statue gestures at you.
The freezing blast engulfs you but does no damage.
Your plate armour prevents you from hitting the ice statue.
You headbutt the ice statue, but do no damage.
The ice statue is lightly damaged.
You are engulfed in freezing vapours.
You hit the ice statue.
You headbutt the ice statue, but do no damage.
The ice statue is lightly damaged.
You are engulfed in freezing vapours.
You blink.
You are engulfed in freezing vapours.
* * * LOW HITPOINT WARNING * * *
The ice statue gestures at you. The shard of ice hits you!!
You die...

##..###.°.##
#...###○###
##..#####.##
##..###.).#
##......##
#....#..#
##.####°#
#####☼.#
##@##..#
#)##°°((.##
#.°8°○.##
#..#.°####
#. #°# # ##


You could see an ice statue.

Vanquished Creatures
  3 hydras (Lair:1)
  The ghost of dornbeast the Prestidigitator, a journeyman DrIE of Sif Muna (D:12)
  Harold (D:11)
  The ghost of coldfrog the Basher, a novice MiMo of Uskayaw (D:10)
  3 boulder beetles
  A two-headed ogre (D:12)
  A deep elf mage (D:12)
  2 cyclopes
  An ugly thing (D:12)
  A manticore (D:11)
  A cane toad (Lair:1)
  A komodo dragon (D:8)
  3 rime drakes
  A tengu conjurer (D:10)
  A hornet (D:12)
  2 polar bears (IceCv)
  Prince Ribbit (D:9)
  Grinder (D:4)
  A wraith (D:12)
  Sigmund (D:6)
  A wyvern (D:12)
  A shadow (D:11)
  8 yaks
  Menkaure (D:7)
  A two-headed ogre zombie (D:11)
  3 water moccasins (Lair:1)
  A meliai simulacrum (D:10)
  2 orc warriors
  5 ice beasts
  3 sky beasts
  3 phantoms
  4 ogres
  6 wolves
  9 centaurs
  5 big kobolds
  6 bullfrogs
  3 gnoll sergeants
  A water moccasin zombie (D:6)
  3 scorpions
  2 water moccasin skeletons
  25 killer bees
  A troll zombie (D:11)
  11 wights
  An electric eel (Lair:1)
  3 howler monkeys
  A bullfrog zombie (D:7)
  5 jellies
  6 hounds
  9 orc priests
  4 iguanas
  2 centaur skeletons
  Jessica (D:2)
  Natasha (thrice) (D:2)
  2 bullfrog skeletons (D:10)
  12 orc wizards
  8 worker ants
  6 ogre zombies (D:11)
  A hound zombie (D:7)
  4 hound skeletons
  A mummy (D:5)
  20 gnolls
  2 howler monkey skeletons
  7 adders
  3 white imps (D:7)
  An ufetubus (D:5)
  2 worms
  3 dart slugs (D:2)
  9 leopard geckos
  53 orcs
  A ball python (D:1)
  3 giant cockroaches
  6 goblins
  7 hobgoblins
  19 jackals
  6 quokkas
  6 bats
  2 frilled lizards
  A goblin zombie (D:11)
  A hobgoblin skeleton (D:11)
  A hobgoblin zombie (D:11)
  27 kobolds
  4 orc skeletons (D:11)
  18 orc zombies (D:11)
  A quokka zombie (D:2)
  14 rats
419 creatures vanquished.

Vanquished Creatures (others)
  A yak (IceCv)
  A wolf (IceCv)
  Blork the orc (D:5)
  A scorpion (D:5)
  A worker ant (D:5)
  An orc (D:5)
  2 fungi (Lair:1)
  33 plants
41 creatures vanquished.

Grand Total: 460 creatures vanquished

Notes
Turn   | Place    | Note
-------+----------+-------------------------------------------
     0 | D:1      | oldmanjim the Minotaur Berserker began the quest for the
                  | Orb.
     0 | D:1      | Reached XP level 1. HP: 19/19 MP: 0/0
   214 | D:1      | Reached XP level 2. HP: 27/27 MP: 1/1
   748 | D:2      | Reached XP level 3. HP: 28/33 MP: 2/2
   796 | D:2      | Noticed Jessica
   808 | D:2      | Reached ** piety under Trog
   809 | D:2      | Killed Jessica
   810 | D:2      | Reached XP level 4. HP: 41/41 MP: 3/3
  1285 | D:2      | Reached skill level 5 in Axes
  1323 | D:2      | Found an iron altar of Okawaru.
  1411 | D:2      | Noticed Natasha
  1414 | D:2      | Killed Natasha
  1415 | D:2      | Reached skill level 5 in Fighting
  1498 | D:2      | Reached skill level 1 in Stealth
  1498 | D:2      | Reached XP level 5. HP: 48/48 MP: 4/4
  1650 | D:2      | Noticed Natasha
  1656 | D:2      | Killed Natasha
  1993 | D:2      | Noticed Natasha
  1999 | D:2      | Killed Natasha
  2359 | D:2      | Found an iron altar of Okawaru.
  2468 | D:3      | Found a hide-covered altar of Uskayaw.
  2488 | D:3      | Reached XP level 6. HP: 41/56 MP: 5/5
  2813 | D:3      | Reached skill level 1 in Evocations
  3189 | D:3      | Reached *** piety under Trog
  3533 | D:4      | Got a jewelled dagger
  3534 | D:4      | Identified the +9 dagger of Paas {vamp, +Blink Int+5} (You
                  | found it on level 4 of the Dungeon)
  3648 | D:4      | Reached XP level 7. HP: 62/62 MP: 6/6
  3666 | D:4      | Found a shimmering altar of Xom.
  3919 | D:4      | Found a staircase to the Ecumenical Temple.
  4139 | D:5      | Entered Level 5 of the Dungeon
  4139 | D:5      | Noticed Grinder
  4150 | D:4      | Killed Grinder
  4151 | D:4      | Reached skill level 5 in Armour
  4282 | D:4      | Reached XP level 8. HP: 45/73 MP: 7/7
  4728 | D:5      | Killed Blork the orc
  4765 | D:5      | Found a shimmering altar of Xom.
  4854 | D:5      | Found a snail-covered altar of Cheibriados.
  4896 | D:5      | Found an opulent altar of Gozag.
  4931 | D:5      | Found Jovan's Weapon Boutique.
  4997 | D:5      | Reached **** piety under Trog
  5162 | D:5      | Found a blossoming altar of Fedhas.
  5361 | D:6      | Noticed Sigmund
  5362 | D:6      | Found a radiant altar of Vehumet.
  5374 | D:6      | Killed Sigmund
  5434 | D:6      | Reached skill level 5 in Evocations
  5481 | D:6      | Found a glowing drain.
  6256 | D:6      | Found a white marble altar of Elyvilon.
  6389 | D:7      | Found Qedd's Antique Weapon Boutique.
  6392 | D:7      | You fall into a shaft and drop 2 floors!
  6392 | D:9      | Noticed a cyclops
  6406 | D:8      | Reached XP level 9. HP: 27/81 MP: 8/8
  6691 | D:8      | Reached skill level 5 in Dodging
  6750 | D:7      | Noticed Menkaure
  6759 | D:7      | Killed Menkaure
  7669 | D:7      | Reached skill level 1 in Shields
  7675 | D:7      | HP: 4/82 [white imp (2)]
  7703 | D:6      | Reached ***** piety under Trog
  7964 | D:7      | Reached skill level 2 in Shields
  8086 | D:7      | Reached skill level 3 in Shields
  8380 | D:7      | Reached skill level 4 in Shields
  9046 | D:8      | Reached XP level 10. HP: 92/92 MP: 9/9
  9224 | D:8      | Reached skill level 5 in Shields
  9416 | D:8      | Reached skill level 10 in Fighting
  9484 | D:8      | Found a staircase to the Lair.
  9522 | D:9      | Received a gift from Trog
  9544 | D:8      | Killed a cyclops
  9545 | D:8      | Reached skill level 6 in Shields
  9666 | D:8      | Reached skill level 7 in Shields
  9855 | D:8      | Reached skill level 8 in Shields
 10051 | D:9      | Paralysed by a gnoll for 2 turns
 10177 | D:9      | Noticed Prince Ribbit
 10205 | D:9      | Killed Prince Ribbit
 10206 | D:9      | Reached skill level 9 in Shields
 10238 | D:9      | Found Ducunau's Armour Shoppe.
 10383 | D:9      | Found a stormy altar of Qazlal.
 10514 | D:10     | Entered Level 10 of the Dungeon
 10919 | D:10     | Found a runed translucent gate.
 10919 | D:10     | Found an opulent altar of Gozag.
 10920 | D:10     | Found a runed translucent gate.
 10920 | D:10     | Found a runed translucent gate.
 10923 | D:10     | Noticed a boulder beetle
 10989 | D:10     | Reached skill level 10 in Shields
 11314 | D:10     | Noticed coldfrog's ghost (novice MiMo)
 11339 | D:10     | Killed coldfrog's ghost
 11340 | D:10     | Reached skill level 11 in Shields
 11366 | D:10     | Killed a boulder beetle
 11367 | D:10     | Reached XP level 11. HP: 64/99 MP: 8/10
 12077 | D:11     | Found a staircase to the Orcish Mines.
 12642 | D:11     | Noticed Harold
 12666 | D:11     | Killed Harold
 12667 | D:11     | Reached skill level 12 in Shields
 13370 | D:12     | Noticed a deep elf mage
 13394 | D:12     | Killed a deep elf mage
 13616 | D:12     | Noticed dornbeast's ghost (journeyman DrIE)
 13617 | D:12     | Found a large runed translucent door.
 13617 | D:12     | Found a large runed translucent door.
 13634 | D:12     | Killed dornbeast's ghost
 13634 | D:12     | Received a gift from Trog
 13640 | D:12     | Got a shadowed robe
 13642 | D:12     | Got a clouded ruby amulet
 13681 | D:12     | Identified the +1 robe of Oraph {rC+} (You found it on
                  | level 12 of the Dungeon)
 13691 | D:12     | Identified the amulet "Rauh" {RegenMP Str+3} (You found it
                  | on level 12 of the Dungeon)
 14111 | D:12     | Noticed a green ugly thing
 14139 | D:12     | Killed a green ugly thing
 14766 | D:12     | Noticed a two-headed ogre
 14775 | D:12     | Killed a two-headed ogre
 14776 | D:12     | Reached skill level 10 in Armour
 14776 | D:12     | Reached skill level 13 in Shields
 14883 | D:12     | Upgraded the game from 0.26.0-45-g9c1d065592 to
                  | 0.26.0-57-g60708a5e39
 14928 | D:12     | Noticed a boulder beetle
 14967 | D:12     | Killed a boulder beetle
 14968 | D:12     | Reached XP level 12. HP: 79/111 MP: 8/11
 15331 | Lair:1   | Entered Level 1 of the Lair of Beasts
 15451 | Lair:1   | Noticed a six-headed hydra
 15458 | Lair:1   | Killed a six-headed hydra
 15664 | Lair:1   | Found an ornate altar of the Wu Jian Council.
 15666 | Lair:1   | Noticed a boulder beetle
 15673 | Lair:1   | Found a hide-covered altar of Uskayaw.
 15752 | Lair:1   | Killed a boulder beetle
 16312 | Lair:1   | Noticed a seven-headed hydra
 16314 | Lair:1   | Noticed a five-headed hydra
 16324 | Lair:1   | Killed a seven-headed hydra
 16330 | Lair:1   | Killed a five-headed hydra
 16473 | Lair:2   | Found a frozen archway.
 16480 | Lair:2   | Reached skill level 14 in Shields
 16493 | IceCv    | Entered an ice cave
 17230 | IceCv    | Killed from afar by an ice statue

Illustrated notes

Levels and vault maps discovered:
D:1:      tarquinn_simple_flora_water_f, layout_rooms, kennysheep_flooded_box,
          hangedman_decor_slide_cut, nrook_mini_backslash
D:2:      layout_loops_ring, nicolae_overflow_hidden_temple, serial_undead,
          serial_undead_c, serial_undead_c, serial_undead_e, serial_undead_c,
          uniq_natasha, uniq_jessica
D:3:      layout_basic, eat_drink_and_be_merry_uskayaw
D:4:      layout_layer_cave, overflow_temple_1_default,
          minmay_temple_entry_slanted
D:5:      layout_layer_cave, general_overflow_altar, lemuel_round_altar,
          slow_altar_1, serial_shops, nicolae_shop_trees, xom_confusion_cloud,
          uniq_blork_the_orc, uniq_grinder
D:6:      layout_basic, elyvilon_altar_3, nicolae_overflow_crystal_walls,
          portal_sewer_entry_f, minmay_unpleasant_kobolds, uniq_sigmund
D:7:      layout_gridville, serial_shops, nicolae_shop_behind_doors,
          minmay_manual_maat, uniq_menkaure
D:8:      layout_basic, david_lair_shrubbed
D:9:      layout_cave_pools, serial_shops, shop, minmay_misc_feat_ornament,
          nicolae_qazlal_eye_of_the_storm, uniq_prince_ribbit1
D:10:     layout_long_grid, ebering_ghost_gozag, hangedman_weighted_door,
          kennysheep_small_circle
D:11:     layout_stronghold, zombieorc2_lemuel, uniq_harold
D:12:     layout_stronghold, ebering_ghost_disaster_area,
          kennysheep_generic_room_11
Lair:1:   layout_roguey, minivault_23, nzn_masters_of_martial_movement,
          serial_bayou_shore_a
Lair:2:   layout_layer_cave, minmay_shoals_entry_centaurs, portal_ice_cave_rime,
          nicolae_quartered_pool_little, roderic_batcave,
          chequers_serial_rivers_room_a
IceCv:    ice_cave_caverns_02

Skill      XL: |  1  2  3  4  5  6  7  8  9 10 11 12 |
---------------+-------------------------------------+-----
Axes           | 4 5 6 7 |  7.0
Fighting       | 4 5 7 8 9 10 11 12 | 12.0
Dodging        | 3 4 6 |  6.0
Stealth        | 1 2 |  2.0
Armour         | 4 5 6 8 10 11 | 11.7
Evocations     | 2 3 5 6 |  6.0
Shields        | 4 11 13 14 | 14.2

Action                   |  1- 3 |  4- 6 |  7- 9 | 10-12 || total
-------------------------+-------+-------+-------+-------++-------
Melee: Hand axe          |    48 |    93 |       |    72 ||   213
       Headbutt          |     6 |    24 |    50 |   216 ||   296
       Dagger            |       |    23 |   325 |   784 ||  1132
 Fire: Hunting sling     |       |    33 |    90 |    73 ||   196
Throw: Dart              |     6 |    20 |     8 |     7 ||    41
       Stone             |       |     3 |       |       ||     3
Invok: Berserk           |     1 |     1 |     4 |     5 ||    11
       Trog's Hand       |       |       |     3 |     3 ||     6
 Abil: Evoke Blink       |       |       |       |     1 ||     1
Evoke: Wand              |       |       |       |     7 ||     7
  Use: Scroll            |       |     6 |    10 |     9 ||    25
       Potion            |       |       |     1 |       ||     1
 Stab: Distracted        |       |       |       |     1 ||     1
Armor: Animal skin       |     4 |     8 |       |       ||    12
       Chain mail        |       |    10 |   202 |       ||   212
       Plate armour      |       |       |    60 |   343 ||   403
Dodge: Dodged            |    28 |    65 |   214 |   160 ||   467
Block: Tower shield      |       |       |   115 |   907 ||  1022
